 Dungeon Crawl Stone Soup version 0.25-a0-1133-g93ebf73 (webtiles) character file.

Game seed: 15935585351600409859, levelgen mode: deterministic

87 thirtiethelement the Skirmisher (level 4, -2/35 HPs)
             Began as a Demonspawn Abyssal Knight on May 22, 2020.
             Was a Believer of Lugonu.
             Slain by Sigmund
             ... wielding a +0 scythe
              (9 damage)
             ... on level 2 of the Dungeon.
             The game lasted 00:09:45 (1929 turns).

thirtiethelement the Skirmisher (DsAK)              Turns: 1929, Time: 00:09:46

Health: -2/35      AC:  3    Str: 13    XL:     4   Next: 28%
Magic:  5/5        EV: 10    Int: 14    God:    Lugonu [**....]
Gold:   120        SH:  5    Dex: 12    Spells: 3/3 levels left

rFire    . . .     SeeInvis .   a - +2 falchion
rCold    . . .     Gourm    .   d - +2 buckler
rNeg     . . .     Faith    .   b - +0 leather armour
rPois    .         Spirit   .   (no helmet)
rElec    .         Reflect  .   (no cloak)
rCorr    .         Harm     .   (no gloves)
MR       .....                  (no boots)
Stlth    +.........             (no amulet)
HPRegen  0.11/turn              (no ring)
MPRegen  0.09/turn              (no ring)

@: no status effects
A: claws 1, hooves 1
a: Depart the Abyss, Bend Space, Renounce Religion


You were on level 2 of the Dungeon.
You worshipped Lugonu.
Lugonu was pleased with you.
You were not hungry.

You visited 1 branch of the dungeon, and saw 2 of its levels.
You visited the Abyss 1 time.

You collected 120 gold pieces.

Inventory:

Hand Weapons
 a - a +2 falchion (weapon)
Missiles
 m - 8 poisoned darts (quivered)
Armour
 b - a +0 leather armour (worn)
 d - a +2 buckler (worn)
Scrolls
 h - 2 scrolls of remove curse
 j - 2 scrolls of magic mapping
 n - 2 scrolls of noise {unknown}
Potions
 e - a potion of cancellation
 f - a potion of ambrosia {unknown}
 g - a potion of curing
 i - a potion of mutation {unknown}
 l - a potion of invisibility {unknown}
 o - a potion of brilliance {unknown}
 p - a potion of flight {unknown}
Comestibles
 c - 6 rations


   Skills:
 + Level 3.5 Fighting
 + Level 3.2 Long Blades
 + Level 2.1 Armour
 + Level 1.2 Dodging
 + Level 0.2 Shields
 + Level 2.5 Invocations


You had 3 spell levels left.
You didn't know any spells.
Your spell library was empty.

Dungeon Overview and Level Annotations

Branches:
Dungeon (2/15)

Altars:

Annotations:
D:2 Sigmund


Innate Abilities, Weirdness & Mutations

You have sharp fingernails.
You have large cloven feet.


Message History

Aim: Sigmund, wielding a +0 scythe and wearing a +0 robe (lightly wounded, poisoned)
You throw a poisoned dart.
The poisoned dart barely misses Sigmund.
Sigmund barely misses you.
You closely miss Sigmund. Your kick misses Sigmund.
Sigmund is lightly wounded.
Sigmund gestures wildly while chanting.
Sigmund flickers and vanishes!
You barely miss something. Something hits you!
You completely miss something. You kick something. Something hits you.
You barely miss something. You kick something.
Something hits you but does no damage.
You hit something. Something hits you.
* * * LOW HITPOINT WARNING * * *
You barely miss something. You miss something. Your kick misses something.
You block something's attack.
You hit something. Your kick misses something. Something hits you.
* * * LOW HITPOINT WARNING * * *
You hit something. Your kick misses something. Something hits you!
You die...

######...###.######
#..............(...
#.###..####.###############
#.#.......#.# #...........
#.#.#.....#.####.##########
#.#...##..#......# ##
#.###.##..######## #.
#.........################.
#####.#(({@......##........
###...########.##.######.
#########..........
#.#....).
#.........#########
##.....#..
#.##..###.####...#
#......#..
#...............##
##.....#.#
#.†######.####..#
#......#..
#..#....#.......#
###....###
##.#....#.#####.# #....#


There were no monsters in sight!

Vanquished Creatures
  A centaur skeleton (D:2)
  2 dart slugs
  2 leopard geckos
  A giant cockroach (D:1)
  4 goblins
  5 hobgoblins
  11 jackals (D:1)
  9 kobolds
  2 quokkas (D:2)
  A ball python (D:2)
  6 bats
  2 frilled lizards
  4 rats
50 creatures vanquished.

Notes
Turn   | Place    | Note
-------+----------+-------------------------------------------
     0 | Abyss:1  | thirtiethelement the Demonspawn Abyssal Knight began the
                  | quest for the Orb.
     0 | Abyss:1  | Reached XP level 1. HP: 18/18 MP: 2/2
    23 | Abyss:2  | Found a corrupted altar of Lugonu.
    77 | Abyss:2  | Noticed a wretched star
    78 | D:1      | Escaped the Abyss
   278 | D:1      | Reached skill level 1 in Dodging
   278 | D:1      | Gained mutation: You have large cloven feet. [demonic
                  | ancestry]
   278 | D:1      | Reached XP level 2. HP: 18/24 MP: 3/3
   283 | D:1      | Reached * piety under Lugonu
   604 | D:1      | Reached XP level 3. HP: 26/29 MP: 4/4
   847 | D:2      | Reached ** piety under Lugonu
  1507 | D:2      | Noticed Sigmund
  1875 | D:2      | Gained mutation: You have sharp fingernails. [demonic
                  | ancestry]
  1875 | D:2      | Reached XP level 4. HP: 25/35 MP: 5/5
  1929 | D:2      | Slain by Sigmund

Illustrated notes

Levels and vault maps discovered:
D:1:      lemuel_arrival_funnel, layout_loops_ring
D:2:      layout_basic, nrook_mini_vaults, okawaru_altar_gauntlet_db,
          uniq_sigmund

Skill      XL: |  1  2  3 |
---------------+----------+-----
Armour         | 2 |  2.1
Dodging        | 1 |  1.2
Long Blades    | 2 3 |  3.2
Fighting       | |  3.5
Shields        | |  0.2
Invocations    | |  2.5

Action                   |  1- 3 |  4- 6 || total
-------------------------+-------+-------++-------
Melee: Falchion          |   118 |     9 ||   127
       Kick              |    17 |     2 ||    19
Throw: Dart              |     1 |     3 ||     4
Invok: Depart the Abyss  |     1 |       ||     1
  Use: Scroll            |     7 |       ||     7
       Potion            |     1 |       ||     1
  Eat: Ration            |     1 |       ||     1
Armor: Leather armour    |    39 |       ||    39
Dodge: Dodged            |    54 |     1 ||    55
Block: Buckler           |    30 |     1 ||    31
       Rpst.: Falchion   |    17 |       ||    17

Table legend:
 A = Non-vault XP
 B = Vault XP
 C = Vault XP percentage of total XP
 D = Non-vault monster count
 E = Vault monster count
 F = Vault count percentage of total count
                 A         B        C        D         E       F
            +---------+---------+-------+---------+---------+-------
      Total |     125 |       0 |   0.0 |      50 |       0 |   0.0
            +---------+---------+-------+---------+---------+-------
        D:1 |      48 |       0 |   0.0 |      27 |       0 |   0.0
        D:2 |      77 |       0 |   0.0 |      23 |       0 |   0.0
            +---------+---------+-------+---------+---------+-------
